 Dungeon Crawl Stone Soup version 0.31-a0-1082-g7d1fb77 (webtiles) character file.

Game seed: 10867598764308311073

92341 DevouringOne the Black Belt (level 15, -2/129 HPs)
             Began as a Vampire Delver on Nov 27, 2023.
             Was an Initiate of Gozag.
             Slain by an Ice Fiend (16 damage)
             ... summoned by a deep elf demonologist
             ... on level 1 of the Elven Halls.
             The game lasted 00:43:06 (23426 turns).

DevouringOne the Black Belt (Vampire Delver)       Turns: 23426, Time: 00:43:07

Health: -2/129     AC: 13    Str: 25    XL:     15   Next: 57%
Magic:  0/15       EV: 16    Int: 12    God:    Gozag
Gold:   1184       SH: 10    Dex: 25    Spells: 14/14 levels left

rFire   + .          .
                       - Unarmed
rCold   + . .        I - +0 kite shield
rNeg    . . .        Q - +3 chain mail {Will+}
rPois   +            u - +2 helmet
rElec   +            K - scarf {rC+ rF+}
rCorr   +            q - +1 pair of gloves
SInv    +            D - +0 pair of boots
Will    ++...        p - amulet of guardian spirit
Stlth   ++           i - ring "Pouthrua" {rPois Str+6 Dex+3}
HPRegen 0.61/turn    G - ring of Cogergh {rElec rCorr Str+2 Dex+6 SInv}
MPRegen 0.14/turn

%: guardian spirit
@: about to teleport, corroded, healing quickly
A: alive, fangs 3, see invisible, vampiric 2, clumsy 1
a: Exsanguinate, Renounce Religion, Potion Petition, Call Merchant, Bribe Branch


You were on level 1 of the Elven Halls.
You worshipped Gozag.
Gozag was most pleased with you.
You visited 5 branches of the dungeon, and saw 23 of its levels.
You also visited: Sewer.

You collected 8748 gold pieces.
You spent 3258 gold pieces at shops.
You paid 4306 gold pieces to Gozag.

Inventory:

Missiles
 c - 5 atropa-tipped darts
 j - 6 throwing nets
 o - 9 poisoned darts
Armour
 q - a +1 pair of gloves (worn)
 u - a +2 helmet (worn)
 D - a +0 pair of boots (worn)
 I - a +0 kite shield (worn)
 J - the +3 hat of Pondering {ponderous, Will+ MP+10 Int+5}
   (You took it off Gastronok on level 8 of the Dungeon)

   Int+5:     It affects your intelligence (+5).
   Will+:     It increases your willpower.
   MP+10:     It affects your magic capacity (+10).
 K - a scarf of resistance (worn)
 Q - a +3 chain mail of willpower (worn)
Jewellery
 i - the ring "Pouthrua" (left hand) {rPois Str+6 Dex+3}
   (You found it on level 5 of the Dungeon)

   [ring of strength]

   Str+6:     It affects your strength (+6).
   Dex+3:     It affects your dexterity (+3).
   rPois:     It protects you from poison
 p - an amulet of guardian spirit (around neck)
 x - a ring of positive energy
 G - the ring of Cogergh (right hand) {rElec rCorr Str+2 Dex+6 SInv}
   (You bought it in a shop on level 1 of the Lair of Beasts)

   [ring of dexterity]

   Str+2:     It affects your strength (+2).
   Dex+6:     It affects your dexterity (+6).
   rElec:     It insulates you from electricity.
   SInv:      It lets you see invisible.
   rCorr:     It protects you from acid and corrosion.
Talismans
 s - a serpent talisman
 C - a blade talisman
Wands
 f - a wand of digging (2)
 m - a wand of charming (21)
 y - a wand of acid (9)
 H - a wand of mindburst (9)
 T - a wand of flame (4)
Scrolls
 b - 2 scrolls of fog
 g - 7 scrolls of teleportation
 l - 2 scrolls of amnesia
 r - 3 scrolls of vulnerability
 v - 3 scrolls of enchant weapon
 L - 3 scrolls of revelation
 M - a scroll of silence
 O - 9 scrolls of identify
 P - 2 scrolls of summoning
 R - a scroll of fear
 S - a scroll of noise
Potions
 a - 3 potions of magic
 d - 5 potions of brilliance
 e - 5 potions of haste
 h - 2 potions of might
 k - 2 potions of cancellation
 n - 3 potions of invisibility
 t - 10 potions of curing
 w - 7 potions of heal wounds
 z - 2 potions of mutation
 B - a potion of ambrosia
 E - a potion of resistance
 F - a potion of lignification
 N - a potion of berserk rage
 U - a potion of attraction


   Skills:
 + Level 15.3 Fighting
 - Level 12.0 Dodging
 - Level 7.2 Stealth
 + Level 19.0 Unarmed Combat
 - Level 10.9 Shapeshifting


You had 14 spell levels left.
You didn't know any spells.
Your spell library contained the following spells:

 Spells                   Type           Power      Damage    Failure   Level
 Freeze                   Ice            0%         1d3       99%         1
 Necrotise                Necr           0%         1d4       99%         1
 Summon Small Mammal      Summ           0%         N/A       99%         1
 Blink                    Tloc           0%         N/A       100%        2
 Ensorcelled Hibernation  Hex/Ice        0%         N/A       100%        2
 Jinxbite                 Hex            0%         N/A       100%        2
 Lesser Beckoning         Tloc           0%         N/A       100%        2
 Momentum Strike          Conj/Tloc      0%         3d8       100%        2
 Call Canine Familiar     Summ           0%         N/A       100%        3
 Dazzling Flash           Conj/Hex       0%         N/A       100%        3
 Frozen Ramparts          Ice            0%         1d1       100%        3
 Hailstorm                Conj/Ice       0%         3d3       100%        3
 Sigil of Binding         Hex            0%         N/A       100%        3
 Summon Guardian Golem    Hex/Summ       0%         N/A       100%        3
 Vampiric Draining        Necr           0%         2d6       100%        3
 Anguish                  Hex/Necr       0%         N/A       100%        4
 Dimensional Bullseye     Hex/Tloc       0%         N/A       100%        4
 Leda's Liquefaction      Hex/Erth       0%         N/A       100%        4
 Manifold Assault         Tloc           0%         N/A       100%        4
 Summon Ice Beast         Ice/Summ       0%         N/A       100%        4
 Agony                    Necr           0%         N/A       100%        5
 Borgnjor's Vile Clutch   Necr/Erth      0%         N/A       100%        5
 Silence                  Hex/Air        0%         N/A       100%        5
 Death Channel            Necr           0%         N/A       100%        6
 Haunt                    Necr/Summ      0%         N/A       100%        7
 Animate Dead             Necr           Unusable   N/A       N/A         4
 Simulacrum               Ice/Necr       Unusable   N/A       N/A         6
 Borgnjor's Revivificati  Necr           Unusable   N/A       N/A         8
 Death's Door             Necr           Unusable   N/A       N/A         9

Dungeon Overview and Level Annotations

Branches:
Dungeon (14/15)            Temple (1/1) D:4            Lair (5/5) D:10
  Swamp (0/4) Lair:2       Spider (0/4) Lair:3        Slime (0/5) Lair:4
    Orc (2/2) D:11            Elf (1/3) Orc:2         Sewer (visited)
 Vaults: D:13-14

Altars:
Ashenzari
Cheibriados
Dithmenos
Fedhas
Gozag
Hepliaklqana
Kikubaaqudgha
Makhleb
Nemelex Xobeh
Okawaru
Qazlal
Ru
Sif Muna
Trog
Uskayaw
Vehumet
Wu Jian
Xom
Yredelemnul
Jiyva
Lugonu

Shops:
D:7 ?*   Orc:2 !?::   Elf:1 !   Lair:1 =[   Lair:5 *

Portals:
Abyss: Lair:5

Annotations:
D:2 Sigmund
D:8 2 transporters
D:10 1 runed translucent door, wqsa789's ghost, novice MfGl
Lair:4 exclusion: 2 oklob plants


Innate Abilities, Weirdness & Mutations

Your natural rate of healing is accelerated.
You have razor-sharp teeth.
You have supernaturally acute eyesight. (SInv)
You are afflicted with vampirism and can become a bat while bloodless.
You are clumsy. (Dex -2)


Message History

The deep elf zephyrmancer blinks!
You hit the deep elf demonologist but do no damage.
The deep elf demonologist is heavily wounded.
The sixfirhy hits you. The sixfirhy shocks you. You resist.
The sixfirhy hits you. The sixfirhy shocks you. You resist.
The fire elemental hits you. The fire elemental burns you! You resist.
The sixfirhy hits you but does no damage.
The fire elemental barely misses you.
You closely miss the deep elf demonologist.
The deep elf demonologist is heavily wounded.
The sixfirhy hits you. The sixfirhy shocks you. You resist.
The sixfirhy hits you. The sixfirhy shocks you. You resist.
The fire elemental closely misses you. The sixfirhy hits you.
The sixfirhy shocks you. You resist.
The deep elf zephyrmancer casts a spell.
The deep elf zephyrmancer blinks!
The deep elf zephyrmancer hits you with a +0 dagger.
The deep elf zephyrmancer mumbles some strange words.
The deep elf zephyrmancer blinks!
The deep elf demonologist gestures wildly while chanting.
You block the fire elemental's attack.
As you read the scroll of teleportation, it crumbles to dust.
You feel strangely unstable. The fire elemental hits you.
The fire elemental burns you! You resist.
You block the deep elf zephyrmancer's attack.
The deep elf zephyrmancer gestures wildly while chanting.
The deep elf zephyrmancer blinks!
The deep elf demonologist hits you but does no damage.
You block the fire elemental's attack.
The ynoxinul gestures.
You block the fire elemental's attack. The Ice Fiend completely misses you.
The Ice Fiend claws you! The Ice Fiend freezes you! You resist.
The deep elf zephyrmancer mumbles some strange words.
The deep elf zephyrmancer blinks!
The Ice Fiend claws you.
* * * LOW HITPOINT WARNING * * *
The Ice Fiend freezes you!! You resist.
* * * LOW HITPOINT WARNING * * *
The Ice Fiend claws you!!
You die...
Your body crumbles into a pile of gold.

,,**,,*,,*,,**,,**
##)......##
,****,*,,*,****,,*
##'#.....##
,****,,**..#*##,,*
###.#####'##
,,**,,,,,,..##.,** #.∩##
#.# >,,,,,,**,,..5.,* ##.##
#.# ,,,,,,****,,.55,*##.##
#.# ,,,,,,****,,,53*##.##
#.# # ,***,,,*#,,,*#4##.##
#.# ## ,* **,,,...'##e#@##
#'###. ,* **,,,,*#..Ee1#*
#..#'# +* **,,*#§..3☼E.#*
##...## ,*
***#.....e...#******#.....+
,* #..§..°§..'.,,,,,+(...##
,* #......?..###****##..##
** #...$§....# #+## *
#.........# *,* *
##.......'#* *,*


You could see an Ice Fiend (summoned), a deep elf pyromancer, a deep elf
zephyrmancer, a sixfirhy (summoned) and 2 fire elementals.

Vanquished Creatures
  Gastronok (D:8)
  An orc warlord (D:12)
  A fire dragon (D:14)
  Erolcha (Orc:2)
  4 boulder beetles
  A hydra (Lair:4)
  4 centaur warriors
  7 two-headed ogres
  A catoblepas (Lair:5)
  2 tengu warriors (D:14)
  A dancing weapon (Elf:1)
  9 death yaks
  2 thrashing horrors (Lair:5)
  4 orc high priests (Orc:2)
  An occultist (D:14)
  A deep elf knight (D:12)
  4 skysharks
  Amaemon (Lair:1)
  5 orc knights
  6 deep elf pyromancers
  2 deep elf zephyrmancers
  7 ugly things
  8 orc sorcerers (Orc:2)
  3 manticores
  4 cyclopes
  2 black mambas (Lair:5)
  12 elephants
  13 cane toads
  2 smoke demons (Lair:5)
  An orange demon (Lair:1)
  An unseen horror (D:13)
  A gargoyle (D:14)
  2 torpor snails (Lair:5)
  3 large abominations (Lair:5)
  6 komodo dragons
  4 rime drakes
  2 tengu conjurers (D:14)
  2 efreet (D:14)
  2 polar bears
  13 trolls
  A hornet (D:11)
  2 raiju (Lair:5)
  27 blink frogs
  6 dream sheep (Lair:3)
  3 slime creatures (D:14)
  3 wyverns
  A shadow (D:11)
  2 spriggans (Lair:5)
  A culicivora (shapeshifter) (Lair:5)
  2 water elementals
  31 yaks
  A vampire (D:11)
  3 wraiths
  6 basilisks
  3 chaos spawn (Lair:5)
  Grum (D:8)
  9 small abominations (Lair:5)
  14 vampire mosquitoes
  9 wargs
  2 acid dragons (D:11)
  A swamp worm (Lair:2)
  Duvessa (D:5)
  13 water moccasins
  2 sky beasts
  2 ice beasts
  45 orc warriors
  2 black bears
  A black bear (shapeshifter) (D:13)
  8 ogres
  14 wolves
  6 centaurs
  14 bullfrogs
  A bullfrog (shapeshifter) (Lair:5)
  7 scorpions
  5 wights (D:10)
  Dowan (D:5)
  5 killer bees (D:11)
  A vampire bat (D:12)
  8 electric eels
  6 howler monkeys
  A crimson imp (D:14)
  3 hounds (D:6)
  28 orc priests
  3 jellies
  Jessica (D:2)
  3 iguanas
  17 orc wizards
  7 hell rats (Lair:5)
  Robin (D:4)
  9 adders
  14 gnolls
  A white imp (D:7)
  4 ufetubi
  3 worms
  2 dart slugs
  88 orcs
  5 bat skeletons (D:12)
  2 bat zombies (D:12)
  7 endoplasms
  12 giant cockroaches
  8 goblins
  7 hobgoblins
  2 kobolds
  7 quokkas
  11 ball pythons
  5 bats
  7 frilled lizards (Sewer)
  6 rats
681 creatures vanquished.

Vanquished Creatures (collateral kills)
  An ettin (Orc:1)
  An elephant (D:10)
  An acid dragon (D:8)
  An ice beast (D:5)
  An ogre (Orc:1)
  A phantom (D:5)
  An orc priest (Orc:1)
  An orc wizard (Orc:1)
  A white imp (D:5)
  2 orcs
11 creatures vanquished.

Vanquished Creatures (others)
  An arcanist (D:6)
  Maurice (D:8)
  A gnoll sergeant (D:8)
3 creatures vanquished.

Grand Total: 695 creatures vanquished

Notes
Turn   | Place    | Note
-------+----------+-------------------------------------------
     0 | D:5      | DevouringOne the Vampire Delver began the quest for the
                  | Orb.
     0 | D:5      | Reached XP level 1. HP: 17/17 MP: 1/1
    51 | D:5      | Noticed an ice beast
   109 | D:5      | Identified the ring "Pouthrua" {rPois Str+6 Dex+3}
   247 | D:4      | Noticed a howler monkey
   312 | D:3      | Found a hide-covered altar of Uskayaw.
   316 | D:3      | Noticed an orc priest
   443 | D:1      | Reached XP level 2. HP: 22/23 MP: 2/2
   582 | D:1      | Reached skill level 3 in Unarmed Combat
   962 | D:2      | Noticed Jessica
  1090 | D:1      | Gained mutation: You are afflicted with vampirism and can
                  | become a bat while bloodless. [Vampire growth]
  1090 | D:1      | Reached XP level 3. HP: 29/29 MP: 3/3
  1148 | D:2      | Noticed Sigmund
  1202 | D:2      | Killed Jessica
  1203 | D:2      | Reached skill level 4 in Unarmed Combat
  1203 | D:2      | Reached XP level 4. HP: 28/35 MP: 4/4
  1958 | D:3      | Reached XP level 5. HP: 13/42 MP: 5/5
  2062 | D:3      | Found a shimmering altar of Xom.
  2133 | D:3      | Reached skill level 5 in Unarmed Combat
  2488 | D:4      | Found a staircase to the Ecumenical Temple.
  2503 | Temple   | Entered the Ecumenical Temple
  2513 | Temple   | Became a worshipper of Gozag Ym Sagoz the Greedy
  2810 | D:4      | Noticed Robin
  2867 | D:4      | Killed Robin
  3050 | D:4      | Reached XP level 6. HP: 40/48 MP: 6/6
  3129 | D:5      | Noticed Duvessa
  3129 | D:5      | Noticed Dowan
  3139 | D:5      | Killed Duvessa
  3140 | D:5      | Reached skill level 6 in Unarmed Combat
  3148 | D:5      | Killed Dowan
  3288 | D:5      | Found a hazy altar of Hepliaklqana.
  3361 | D:5      | Noticed an orc warrior
  3380 | D:5      | Reached skill level 7 in Unarmed Combat
  3380 | D:5      | Reached XP level 7. HP: 55/55 MP: 7/7
  3848 | D:5      | Reached skill level 5 in Fighting
  4155 | D:6      | Reached skill level 8 in Unarmed Combat
  4278 | D:6      | Reached XP level 8. HP: 63/63 MP: 8/8
  4372 | D:6      | Found a glowing drain.
  4376 | Sewer    | Entered a sewer
  4641 | Sewer    | Reached skill level 9 in Unarmed Combat
  5015 | D:6      | Found a bloodstained altar of Trog.
  5017 | D:6      | Noticed an arcanist
  5024 | D:6      | Killed an arcanist
  5140 | D:7      | Reached skill level 10 in Unarmed Combat
  5498 | D:7      | Reached skill level 1 in Shapeshifting
  5588 | D:7      | Reached XP level 9. HP: 55/71 MP: 9/9
  5743 | D:7      | Found an ancient bone altar of Kikubaaqudgha.
  5795 | D:7      | Identified a scroll of acquirement
  5830 | D:7      | Acquired 1009 gold pieces
  5833 | D:7      | Bought a scroll of identify for 24 gold pieces
  5833 | D:7      | Bought a scroll of fear for 48 gold pieces
  5833 | D:7      | Bought a scroll of identify for 24 gold pieces
  5833 | D:7      | Bought a scroll of identify for 24 gold pieces
  5833 | D:7      | Bought a scroll of identify for 24 gold pieces
  5839 | D:7      | Bought a wand of roots (5) for 144 gold pieces
  5839 | D:7      | Bought a wand of mindburst (10) for 168 gold pieces
  5839 | D:7      | Bought a scroll of identify for 24 gold pieces
  6090 | D:8      | Noticed Maurice
  6104 | D:8      | Noticed Gastronok
  6274 | D:8      | Your ally Maurice died
  6274 | D:8      | Killed Gastronok
  6443 | D:8      | Noticed Grum
  6458 | D:8      | Reached XP level 10. HP: 68/77 MP: 10/10
  6526 | D:8      | Killed Grum
  6648 | D:8      | Found a transporter.
  6649 | D:8      | Noticed a death knight
  6649 | D:8      | Noticed a cyclops
  6671 | D:8      | Found a transporter.
  6680 | D:8      | Noticed a two-headed ogre
  6763 | D:8      | Found a shimmering blue altar of Sif Muna.
  6887 | D:8      | Found a sacrificial altar of Ru.
  6894 | D:8      | Found a broken altar of Ashenzari.
  6897 | D:8      | Found a blossoming altar of Fedhas.
  6897 | D:8      | Found a basalt altar of Yredelemnul.
  6905 | D:8      | Found a sparkling altar of Nemelex Xobeh.
  7204 | D:8      | Noticed an orb spider
  7214 | D:8      | an orb spider changed into a quicksilver ooze
  7214 | D:8      | Noticed a quicksilver ooze (shapeshifter)
  7267 | D:8      | Noticed a guardian serpent
  7466 | D:9      | Noticed a two-headed ogre
  8266 | D:9      | Killed a two-headed ogre
  8267 | D:9      | Reached skill level 10 in Shapeshifting
  8370 | D:10     | Entered Level 10 of the Dungeon
  8371 | D:10     | Noticed an elephant
  8390 | D:10     | Killed an elephant
  8391 | D:10     | Reached skill level 11 in Unarmed Combat
  8776 | D:10     | Found a stormy altar of Qazlal.
  8782 | D:10     | Found a burning altar of Makhleb.
  8803 | D:10     | Found a runed translucent door.
  8804 | D:10     | Noticed a fire giant
  8805 | D:10     | Noticed wqsa789's ghost (novice MfGl)
  8819 | D:10     | Found a staircase to the Lair.
  8819 | D:10     | Noticed an elephant
  8825 | D:10     | Killed an elephant
  9059 | D:11     | Found a staircase to the Orcish Mines.
  9094 | D:11     | Reached skill level 12 in Unarmed Combat
  9094 | D:11     | Reached XP level 11. HP: 79/87 MP: 11/11
 10016 | D:11     | Found a hazy altar of Hepliaklqana.
 10100 | D:11     | Reached skill level 13 in Unarmed Combat
 10374 | D:12     | Found an iron altar of Okawaru.
 10374 | D:12     | Noticed an orc warlord
 10449 | D:12     | Identified the +0 leather armour "Subaetur" {rElec rPois
                  | Str-5 SInv}
 10478 | D:12     | Noticed a deep elf pyromancer
 10502 | Orc:1    | Entered Level 1 of the Orcish Mines
 10502 | Orc:1    | Noticed an ettin
 10537 | Orc:2    | Entered Level 2 of the Orcish Mines
 10550 | Orc:2    | Noticed an orc sorcerer
 10550 | Orc:2    | Noticed a two-headed ogre
 10615 | Orc:2    | Killed an orc sorcerer
 10616 | Orc:2    | Reached skill level 10 in Fighting
 10626 | Orc:2    | Found Qaluiko's Magic Scroll Emporium.
 10626 | Orc:2    | Noticed an orc knight
 10634 | Orc:2    | Killed an orc knight
 10645 | Orc:2    | Found Yhotivunn's Distillery.
 10645 | Orc:2    | Noticed an orc knight
 10655 | Orc:2    | Killed an orc knight
 10697 | Orc:2    | Bought a potion of lignification for 33 gold pieces
 10697 | Orc:2    | Bought a potion of curing for 33 gold pieces
 10697 | Orc:2    | Bought a potion of haste for 110 gold pieces
 10697 | Orc:2    | Bought a potion of heal wounds for 55 gold pieces
 10697 | Orc:2    | Bought a potion of lignification for 33 gold pieces
 10697 | Orc:2    | Bought a potion of berserk rage for 55 gold pieces
 10697 | Orc:2    | Bought a potion of enlightenment for 55 gold pieces
 10713 | Orc:2    | Bought 3 scrolls of summoning for 370 gold pieces
 10713 | Orc:2    | Bought a scroll of enchant armour for 97 gold pieces
 10713 | Orc:2    | Bought a scroll of teleportation for 39 gold pieces
 10768 | Orc:2    | Reached skill level 14 in Unarmed Combat
 10863 | Orc:2    | Noticed an orc sorcerer
 10863 | Orc:2    | Noticed an orc knight
 10888 | Orc:2    | Killed a two-headed ogre
 10889 | Orc:2    | Reached XP level 12. HP: 86/99 MP: 12/12
 10979 | Orc:2    | Noticed Erolcha
 10990 | Orc:2    | Killed Erolcha
 11193 | Orc:1    | Killed an ettin
 11534 | Orc:1    | Reached skill level 15 in Unarmed Combat
 12060 | Orc:2    | Noticed an orc high priest
 12066 | Orc:2    | Killed an orc high priest
 12255 | Orc:2    | Noticed a two-headed ogre
 12270 | Orc:2    | Killed a two-headed ogre
 12308 | Orc:2    | Found a staircase to the Elven Halls.
 12604 | Orc:2    | Noticed an orc high priest
 12623 | Orc:2    | Reached skill level 16 in Unarmed Combat
 12743 | Orc:2    | Noticed an orc warlord
 12791 | Orc:2    | Found Gukhocvul's Book Shop.
 12823 | Orc:2    | Killed an orc high priest
 12824 | Orc:2    | Reached XP level 13. HP: 95/109 MP: 13/13
 12939 | Orc:2    | Gained mutation: You are clumsy. (Dex -2) [a neqoxec]
 13271 | Orc:2    | Found Zenagg's Book Emporium.
 13455 | Lair:1   | Entered Level 1 of the Lair of Beasts
 13518 | Lair:1   | Bought the ring of Cogergh {rElec rCorr Str+2 Dex+6 SInv}
                  | for 832 gold pieces
 13771 | Lair:1   | Noticed Amaemon
 13781 | Lair:1   | Killed Amaemon
 14191 | Lair:1   | Found a shadowy altar of Dithmenos.
 14771 | Lair:2   | Found a staircase to the Swamp.
 14930 | Lair:2   | Reached skill level 5 in Dodging
 14935 | Lair:2   | HP: 6/133 [death yak (20)]
 15960 | Lair:3   | Found a hole to the Spider Nest.
 16283 | Lair:3   | Reached XP level 14. HP: 71/118 MP: 14/14
 17307 | Lair:4   | Found a staircase to the Slime Pits.
 17307 | Lair:4   | Found a viscous altar of Jiyva.
 17493 | Lair:5   | Entered Level 5 of the Lair of Beasts
 17524 | Lair:5   | Reached skill level 10 in Dodging
 18202 | Lair:5   | Identified the ring "Pidikh" {Fire Dex+6}
 18229 | Lair:5   | Reached skill level 17 in Unarmed Combat
 19372 | Lair:5   | Found a corrupted altar of Lugonu.
 19372 | Lair:5   | Found a one-way gate to the infinite horrors of the Abyss.
 19495 | Lair:5   | Bought a scroll of teleportation for 45 gold pieces
 19495 | Lair:5   | Bought a +3 chain mail of willpower for 397 gold pieces
 19816 | D:12     | Found an ancient bone altar of Kikubaaqudgha.
 20149 | D:12     | Identified the +10 spear "Fofaebrawu" {venom, rPois rC+
                  | Dex+4}
 20165 | D:12     | Reached XP level 15. HP: 90/126 MP: 11/15
 20403 | D:12     | Found the +7 Spriggan's Knife {stab, EV+4 Stlth+}
 20420 | D:12     | Identified the +0 war axe "Ommoth" {drain, rF- rC+ Int+4}
 20440 | D:12     | Reached skill level 18 in Unarmed Combat
 22335 | D:14     | Reached skill level 15 in Fighting
 22988 | Elf:1    | Entered Level 1 of the Elven Halls
 23257 | Elf:1    | Found Rabequa's Distillery.
 23261 | Elf:1    | Bought 2 potions of heal wounds for 160 gold pieces
 23261 | Elf:1    | Bought a potion of haste for 160 gold pieces
 23261 | Elf:1    | Bought a potion of attraction for 48 gold pieces
 23261 | Elf:1    | Bought 2 potions of invisibility for 256 gold pieces
 23340 | Elf:1    | Reached skill level 19 in Unarmed Combat
 23425 | Elf:1    | Noticed an Ice Fiend
 23426 | Elf:1    | Slain by an Ice Fiend

Illustrated notes

Levels and vault maps discovered:
D:1:      dpeg_arrival_windows_large_door, layout_rooms, serial_corexii_hall,
          corexii_hall_statues_l, corexii_hall_statues_i,
          corexii_hall_statues_s, corexii_hall_statues_s
D:2:      layout_rooms, uniq_sigmund, uniq_jessica
D:3:      layout_loops_ring, lemuel_crystal_altar, general_overflow_altar,
          amethyst_killhole
D:4:      layout_basic, minmay_temple_entry_sparse_star, uniq_robin
D:5:      layout_basic, lemuel_doored_altar, minmay_misc_feat_chi,
          nicolae_hexahallways, uniq_duvessa
D:6:      layout_rooms, trog_wizard, gup_sewer_entry_bowl
D:7:      layout_basic, mainiacjoe_overflow_chevrons,
          nicolae_elyvilon_peaceful_grove
D:8:      gammafunk_sealed_arena, layout_layer_cave,
          mainiacjoe_overflow_tiny_flanked,
          nicolae_overflow_hallway_of_the_gods, uniq_gastronok, uniq_grum,
          uniq_maurice
D:9:      layout_loops_corners, solitary_fountain, nicolae_titane
D:10:     layout_rooms, grunt_temple_overflow_open,
          grunt_lair_entry_orc_guard_hut, ebering_ghost_inner_flame
D:11:     layout_basic, david_orc_3, worldfamousw_hep_ancestral_shrine
D:12:     evilmike_iron_armoury, layout_rooms, portal_ice_cave_rime,
          kennysheep_vampire_church
D:13:     layout_loops_ring
D:14:     layout_loops_corners, grunt_vaults_entry_fortified,
          minmay_parallelograms, lightli_wizard_tower
Temple:   nicolae_temple_two_arcs
Lair:1:   layout_roguey, basic_altar, uniq_amaemon
Lair:2:   layout_cave_pods, nicolae_swamp_entry_splash_gauntlet, minivault_25
Lair:3:   layout_gridlike, nicolae_spider_entry_non_spiders
Lair:4:   layout_long_grid, minmay_slime_entry_oklob_open,
          chequers_serial_rivers_large_a
Lair:5:   hellmonk_lair_end_abyssal_woods, layout_small_grid
Orc:1:    layout_diamond_mine
Orc:2:    pubby_orc_utopia, uniq_erolcha
Elf:1:    elf_arrival_002, layout_geoelf_grid, serial_shops, shop,
          minmay_elf_demonology

Skill      XL: |  1  2  3  4  5  6  7  8  9 10 11 12 13 14 15 |
---------------+----------------------------------------------+-----
Unarmed Combat | 3 4 5 7 8 10 12 14 16 17 19 | 19.0
Fighting       | 3 4 5 6 8 10 12 13 14 15 | 15.3
Shapeshifting  | 2 8 10 | 10.9
Dodging        | 7 12 | 12.0
Stealth        | |  7.2

Action                     |  1- 3 |  4- 6 |  7- 9 | 10-12 | 13-15 || total
---------------------------+-------+-------+-------+-------+-------++-------
  Melee: Unarmed           |    78 |   143 |   280 |   536 |  1139 ||  2176
         Bite              |     6 |    16 |    33 |    57 |   171 ||   283
         Punch             |     4 |     6 |    15 |    30 |     8 ||    63
         Constrict         |       |       |       |       |    24 ||    24
  Throw: Dart              |       |       |     3 |     4 |       ||     7
 Invoke: Call Merchant     |       |       |     2 |       |     3 ||     5
  Evoke: Wand              |       |    11 |    18 |    22 |    10 ||    61
    Use: Scroll            |     6 |     1 |    15 |     9 |    10 ||    41
         Potion            |       |       |       |     6 |     3 ||     9
   Stab: Sleeping          |     7 |     3 |    14 |    17 |    16 ||    57
         Distracted        |       |       |     3 |     9 |    12 ||    24
         Betrayed ally     |       |       |       |     1 |       ||     1
 Armour: Leather armour    |    40 |    56 |   114 |   221 |   244 ||   675
         Skin              |       |       |       |       |    82 ||    82
         Chain mail        |       |       |       |       |   297 ||   297
  Dodge: Dodged            |    36 |    80 |   238 |   328 |   711 ||  1393
  Block: Kite shield       |       |       |     9 |    30 |   381 ||   420
   Form: Blade             |       |       |       |     1 |       ||     1
                           |       |       |       |       |     1 ||     1
         Anaconda          |       |       |       |       |     1 ||     1

Table legend: (Time is in decaauts)
 A = Elapsed time spent in this place.
 B = Non-inter-level travel time spent in this place.
 C = Inter-level travel time spent in this place.
 D = Time resting spent in this place.
 E = Time spent auto-exploring this place.
 F = Levels seen in this place.
 G = Mean time per level.
                   A        B        C        D        E       F      G
               +--------+--------+--------+--------+--------+-----+--------+
         Total |  23054 |  19963 |   3091 |   2033 |  13002 |  24 |  960.6 |
       Dungeon |  13370 |  11280 |   2090 |    762 |   7949 |  14 |  955.0 |
        Temple |     20 |      2 |     18 |      0 |      0 |   1 |   20.0 |
          Lair |   6023 |   5789 |    234 |    427 |   4115 |   5 | 1204.6 |
  Orcish Mines |   2961 |   2226 |    735 |    771 |    670 |   2 | 1480.5 |
   Elven Halls |    304 |    292 |     12 |     72 |    117 |   1 |  304.0 |
         Sewer |    373 |    373 |      0 |      0 |    150 |   1 |  373.0 |
               +--------+--------+--------+--------+--------+-----+--------+

Top non-repeatable levels by time:
   Orc:2: 2619 daAuts
  Lair:5: 1980 daAuts
    D:14: 1319 daAuts
    D:11: 1267 daAuts
    D:12: 1189 daAuts
  Lair:2: 1180 daAuts
     D:7: 1180 daAuts
     D:9: 1130 daAuts
     D:5: 1109 daAuts
  Lair:3: 1049 daAuts
  Lair:1: 1027 daAuts
     D:8: 988 daAuts
    D:13: 895 daAuts
     D:3: 846 daAuts
     D:4: 804 daAuts
